 Dungeon Crawl Stone Soup version 0.30.0-29-ga12c61a403 (webtiles) character file.

Game seed: 12576224092827114127

1416 hawla the Arsonist (level 9, 0/61 (62) HPs)
             Began as a Meteoran Fire Elementalist on June 12, 2023.
             Was an Initiate of Vehumet.
             Slain by a wight
             ... wielding a +4 mace
              (1 damage)
             ... on level 8 of the Dungeon.
             The game lasted 00:10:38 (2189 turns).

hawla the Arsonist (Meteoran Fire Elementalist)     Turns: 2189, Time: 00:10:38

HP:   0/61 (62)     AC:  3    Str: 10    XL:     9   Next: 22%
MP:   17/29         EV: 28    Int: 24    God:    Vehumet [......]
Gold: 170           SH:  0    Dex: 15    Spells: 15/22 levels left

rFire   + + +        s - +5 short sword of Shame {speed, rF+++ rC- Int+3 Stlth+}
rCold   x . .        (no shield)
rNeg    + . .        a - +0 robe
rPois   +            (no helmet)
rElec   .            (no cloak)
rCorr   .            h - +0 pair of gloves
SInv    +            (no boots)
Will    +....        b - amulet of the acrobat
Stlth   +            j - ring of positive energy
HPRegen 0.30/turn    w - ring "Riti" {Wiz rPois MP+9 SInv}
MPRegen 0.21/turn

%: acrobat, wizardry (x1)
@: acrobatic, glowing, lightly drained
A: sense surroundings 2, otherworldly, glowing, explore regen
a: Renounce Religion


You were on level 8 of the Dungeon.
You worshipped Vehumet.
Vehumet was noncommittal.
You visited 2 branches of the dungeon, and saw 9 of its levels.

You collected 170 gold pieces.

Inventory:

Hand Weapons
 s - the +5 short sword of Shame (weapon) {speed, rF+++ rC- Int+3 Stlth+}
   (You found it on level 2 of the Dungeon)

   Int:       It affects your intelligence (+3).
   rF:        It renders you almost immune to fire.
   rC:        It makes you vulnerable to cold.
   Stlth:     It makes you more stealthy.
 t - a +0 dagger
 y - the +5 hand axe of Mourning {freeze, +Blink Int+2 Dex+6}
   (You found it on level 6 of the Dungeon)

   Int:       It affects your intelligence (+2).
   Dex:       It affects your dexterity (+6).
   +Blink:    It lets you blink.
Armour
 a - a +0 robe (worn)
 h - a +0 pair of gloves (worn)
Jewellery
 b - an amulet of the acrobat (around neck)
 j - a ring of positive energy (left hand)
 w - the ring "Riti" (right hand) {Wiz rPois MP+9 SInv}
   (You found it on level 5 of the Dungeon)

   [ring of wizardry]

   It improves your spell success rate.
   rPois:     It protects you from poison.
   MP:        It affects your magic capacity (+9).
   SInv:      It lets you see invisible.
Wands
 k - a wand of flame (5)
 r - a wand of iceblast (13)
Scrolls
 d - a scroll of amnesia
 i - a scroll of magic mapping
 q - a scroll of vulnerability
 v - a scroll of teleportation {unknown}
Potions
 c - a potion of haste
 e - a potion of resistance
 f - 3 potions of curing
 g - a potion of heal wounds {unknown}
 l - a potion of berserk rage {unknown}
 m - a potion of ambrosia {unknown}
 n - a potion of degeneration {unknown}
 o - a potion of brilliance {unknown}
 p - 2 potions of flight {unknown}
 x - 2 potions of might {unknown}
 z - a potion of attraction {unknown}
 A - 2 potions of lignification {unknown}


   Skills:
 + Level 3.8 Dodging
 - Level 1.4 Stealth
 + Level 7.1 Spellcasting
 + Level 6.2 Conjurations
 + Level 8.2 Fire Magic
 + Level 3.0 Evocations


You had 15 spell levels left.
You knew the following spells:

 Your Spells              Type           Power      Damage    Failure   Level
a - Foxfire               Conj/Fire      100%       2x1d9     1%          1
b - Scorch                Fire           96%        2d9       1%          2
c - Flame Wave            Conj/Fire      43%        2d11      1%          4

Your spell library contained the following spells:

 Spells                   Type           Power      Damage    Failure   Level
 Inner Flame              Hex/Fire       28%        N/A       1%          3
 Volatile Blastmotes      Fire/Tloc      56%        2d14      1%          3
 Sublimation of Blood     Necr           8%         N/A       4%          2
 Wereblood                Tmut           8%         N/A       4%          2
 Malign Gateway           Summ/Tloc      4%         N/A       100%        7
 Summon Hydra             Summ           4%         N/A       100%        7
 Summon Horrible Things   Summ           4%         N/A       100%        8


Dungeon Overview and Level Annotations

Branches:
Dungeon (8/15) Zot: 2867   Temple (1/1) D:6 Zot: 343
   Lair: D:8-11

Altars:
Ashenzari
Cheibriados
Dithmenos
Elyvilon
Fedhas
Gozag
Hepliaklqana
Kikubaaqudgha
Makhleb
Nemelex Xobeh
Okawaru
Qazlal
Ru
Sif Muna
Trog
Uskayaw
Vehumet
Wu Jian
Xom
Yredelemnul
Zin
The Shining One

Annotations:
D:8 Grum


Innate Abilities, Weirdness & Mutations

You passively map the area around you.
You are easily found by Zot.
You glow in the dark.
You regain HP and MP as you explore.


Message History

The flame wave engulfs the wight!
The wight is severely damaged.
The flame wave engulfs the wight.
The wight is severely damaged.
The flame wave engulfs the wight!!
You destroy the wight!
Vehumet accepts your kill.
You finish channelling waves of flame.
Something shouts, "Give up, thou lumpish two-tin-hat cross-patch!"
A wolf comes into view.
A two-headed ogre comes into view. It is wielding two +0 giant clubs.
The wight completely misses you. The wight hits you with a +0 hand axe!
You partially resist.
You feel drained. The wight hits you with a +4 mace!
Your life force feels restored.
Your Spellcasting skill increases to level 7!
Casting: Flame Wave (dangerous; 1% risk of failure)
Confirm with . or Enter, or press ? or * to list all spells.
Casting: Flame Wave (dangerous; 1% risk of failure)
Press: ? - help, Dir - look around, f - activate A wave of flame ripples out!
The flame wave engulfs the wight.
The wight is almost destroyed.
The flame wave engulfs the wight!
You destroy the wight!
Vehumet accepts your kill. (Press . to intensify the flame waves.)
The wight hits you from afar with a +0 halberd!
* * * LOW HITPOINT WARNING * * *
The wight hits you with a +4 mace.
* * * LOW HITPOINT WARNING * * *
Your Fire Magic skill increases to level 8!
A wave of flame ripples out!
The flame wave engulfs the wight but does no damage.
The wight is almost destroyed.
The flame wave engulfs the wight.
The wight is severely damaged.
You hear a shout!
The wight barely misses you. The wight hits you with a +4 mace!
* * * LOW HITPOINT WARNING * * *
You partially resist.
You feel drained.
You die...

*..................., ,
,
>......................
,
.########.........(....
########..............
, ,
......................
, ,
########.............[
, #...........O.. ,
#.......zSg...., , * *
#.....)@$zh.... ,
...........)...... , ,
, ............./.....,
***#####..............
,, * #.............., ,
#..............
#.............. , ,
#.............. , * , ,
, ,, ,, *


You could see a two-headed ogre, Grum, a water moccasin, a wolf and 2 wights.

Vanquished Creatures
  2 orc warriors
  An ice beast (D:8)
  A black bear (D:5)
  A wolf (D:8)
  An ogre (D:5)
  A phantom (D:5)
  2 bullfrogs
  A scorpion (D:5)
  A gnoll sergeant (D:6)
  3 wights (D:8)
  A hound (D:5)
  Ijyb (D:4)
  Natasha (thrice) (D:4)
  2 iguanas
  2 orc wizards (D:7)
  7 gnolls
  4 adders
  2 shadow imps
  2 white imps (D:5)
  An ufetubus (D:5)
  A worm (D:4)
  2 dart slugs
  6 orcs
  3 giant cockroaches
  A goblin (D:2)
  A hobgoblin (D:4)
  2 jackals (D:4)
  A kobold (D:4)
  A quokka (D:5)
  4 ball pythons
  3 bats (D:1)
  A frilled lizard (D:1)
  2 rats (D:1)
67 creatures vanquished.

Vanquished Creatures (others)
  152 foxfires
152 creatures vanquished.

Grand Total: 219 creatures vanquished

Notes
Turn   | Place    | Note
-------+----------+-------------------------------------------
     0 | D:1      | hawla the Meteoran Fire Elementalist began the quest for
                  | the Orb.
     0 | D:1      | Reached XP level 1. HP: 14/14 MP: 5/5
    24 | D:1      | Reached skill level 4 in Fire Magic
    24 | D:1      | Reached XP level 2. HP: 20/20 MP: 6/6
    28 | D:1      | Learned a level 2 spell: Scorch
   158 | D:2      | Identified the +5 short sword of Shame {speed, rF+++ rC-
                  | Int+3 Stlth+}
   240 | D:3      | Found a faded altar of an unknown god.
   275 | D:4      | Reached XP level 3. HP: 26/26 MP: 1/8
   345 | D:4      | Noticed Natasha
   347 | D:4      | Killed Natasha
   348 | D:4      | Reached XP level 4. HP: 25/33 MP: 4/9
   353 | D:4      | Learned a level 4 spell: Flame Wave
   381 | D:4      | Found a shimmering altar of Xom.
   490 | D:4      | Noticed a bullfrog
   494 | D:4      | Killed a bullfrog
   495 | D:4      | Reached XP level 5. HP: 33/38 MP: 4/10
   750 | D:4      | Noticed Natasha
   753 | D:4      | Killed Natasha
   826 | D:4      | Noticed Ijyb
   836 | D:4      | Killed Ijyb
   837 | D:4      | Reached XP level 6. HP: 45/45 MP: 5/12
   914 | D:4      | Noticed Natasha
   924 | D:4      | Killed Natasha
   925 | D:4      | Reached skill level 5 in Fire Magic
  1070 | D:5      | Entered Level 5 of the Dungeon
  1123 | D:5      | Noticed a black bear
  1128 | D:5      | Killed a black bear
  1129 | D:5      | Reached skill level 5 in Conjurations
  1141 | D:5      | Reached XP level 7. HP: 50/50 MP: 10/13
  1149 | D:5      | Reached skill level 6 in Fire Magic
  1248 | D:5      | Found a sacrificial altar of Ru.
  1384 | D:5      | Reached skill level 5 in Spellcasting
  1398 | D:5      | Reached XP level 8. HP: 57/57 MP: 9/16
  1568 | D:5      | Identified the ring "Riti" {Wiz rPois MP+9 SInv}
  1755 | D:6      | Identified the +5 hand axe of Mourning {freeze, +Blink
                  | Int+2 Dex+6}
  1777 | D:6      | Found a staircase to the Ecumenical Temple.
  1786 | Temple   | Entered the Ecumenical Temple
  2030 | Temple   | Became a worshipper of Vehumet
  2076 | D:7      | Reached skill level 1 in Evocations
  2118 | D:7      | Reached skill level 7 in Fire Magic
  2180 | D:8      | Gained mutation: You passively map the area around you.
                  | [Meteoran growth]
  2180 | D:8      | Reached XP level 9. HP: 62/62 MP: 19/19
  2184 | D:8      | Noticed Grum
  2187 | D:8      | Noticed a two-headed ogre
  2189 | D:8      | Reached skill level 8 in Fire Magic
  2189 | D:8      | HP: 1/62 [wight/+4 mace (10)]
  2189 | D:8      | Slain by a wight

Illustrated notes

Levels and vault maps discovered:
D:1:      ldierk_walled_garden_2, layout_rooms, corexii_leaking_fountain,
          chequers_serial_rivers_large_b, serial_bayou_crossing
D:2:      layout_basic, serial_shops, nicolae_shop_rolled_up
D:3:      layout_basic, hellmonk_ecumenical_altar_lost_god,
          minmay_misc_feat_columns
D:4:      layout_loops_ring, mainiacjoe_overflow_surrounded_room, uniq_ijyb,
          uniq_natasha
D:5:      layout_gridville, hangedman_abyss_or_decor_passed, kennysheep_diamond
D:6:      layout_cave_pools, minmay_temple_entry_drinking_statues,
          nicolae_shop_fire_sale [nicolae_sub_dead_trees]
D:7:      layout_gridville
D:8:      layout_basic, uniq_grum
Temple:   nicolae_temple_the_god_donut

Skill      XL: |  1  2  3  4  5  6  7  8  9 |
---------------+----------------------------+-----
Fire Magic     | 4 5 6 7 8 |  8.2
Spellcasting   | 3 5 6 7 |  7.1
Conjurations   | 3 4 5 6 |  6.2
Dodging        | 3 |  3.8
Evocations     | 3 |  3.0
Stealth        | |  1.4

Action                     |  1- 3 |  4- 6 |  7- 9 || total
---------------------------+-------+-------+-------++-------
  Melee: Unarmed           |     2 |       |       ||     2
         Punch             |     1 |       |       ||     1
         Short sword       |       |       |     1 ||     1
   Cast: Foxfire           |    29 |    14 |    48 ||    91
         Scorch            |     1 |    16 |    23 ||    40
         Flame Wave        |       |     1 |     5 ||     6
    Use: Potion            |     1 |     1 |       ||     2
         Scroll            |       |     7 |     2 ||     9
 Armour: Robe              |     5 |     1 |       ||     6
  Dodge: Dodged            |    17 |    10 |    19 ||    46
